 Dungeon Crawl Stone Soup version 0.28.0-1-gb440e238dd (webtiles) character file.

Game seed: 3873608666942669526

2716 spaghetti the Caregiver (level 9, -22/54 HPs)
             Began as an Octopode Brigand on Feb 21, 2022.
             Was a Believer of Elyvilon.
             Annihilated by a two-headed ogre (29 damage)
             ... on level 7 of the Dungeon.
             The game lasted 00:11:21 (8026 turns).

spaghetti the Caregiver (Octopode Brigand)          Turns: 8026, Time: 00:11:24

Health: -22/54     AC:  1    Str: 16    XL:     9   Next: 66%
Magic:  17/17      EV: 15    Int: 13    God:    Elyvilon [**....]
Gold:   276        SH:  0    Dex: 18    Spells: 5/8 levels left

rFire   . . .      SeeInvis .   w - +4 battleaxe "Nawn" {vorpal, *Noise rC++}
rCold   + + .      Faith    .   (shield currently unavailable)
rNeg    . . .      Spirit   .   (helmet restricted)
rPois   .          Reflect  .   (no amulet)
rElec   .          Harm     .   p - +6 ring of strength
rCorr   .          Rampage  .   (no ring)
Will    .....                   (no ring)
Stlth   ++++......              (no ring)
HPRegen 0.18/turn               (no ring)
MPRegen 0.15/turn               (no ring)
                                (no ring)
                                (no ring)

@: no status effects
A: almost no armour, amphibious, 8 rings, camouflage 1, gelatinous body 1,
(nimble swimmer 1), tentacles
a: Renounce Religion, Purification, Heal Other


You were on level 7 of the Dungeon.
You worshipped Elyvilon.
Elyvilon was pleased with you.
You visited 1 branch of the dungeon, and saw 7 of its levels.

You collected 276 gold pieces.

Inventory:

Hand Weapons
 a - a +2 dagger
 w - the +4 battleaxe "Nawn" (weapon) {vorpal, *Noise rC++}
   (You found it on level 5 of the Dungeon)

   It inflicts extra damage upon your enemies.
   rC:        It greatly protects you from cold.
   *Noise:    It may make noises in combat.
 z - the +6 mace of Beogh's Approval {vamp, rElec rPois rN++ Str-2}
   (You found it on level 6 of the Dungeon)

   It occasionally heals its wielder for a portion of the damage dealt when it
   wounds a living foe.
   Str:       It affects your strength (-2).
   rElec:     It insulates you from electricity.
   rPois:     It protects you from poison.
   rN:        It greatly protects you from negative energy.
   Elyvilon disapproves of the use of such an item.
Missiles
 b - 2 poisoned darts (quivered)
 c - 7 curare-tipped darts
 h - 4 javelins
 u - 52 stones
Magical Staves
 l - a staff of earth
Jewellery
 p - a +6 ring of strength (left tentacle)
 x - a ring of willpower
 A - an amulet of magic regeneration
Wands
 r - a wand of polymorph (12)
 s - a wand of mindburst (17)
 y - a wand of flame (20)
Scrolls
 d - 8 scrolls of identify {unknown}
 j - a scroll of vulnerability {unknown}
 k - 2 scrolls of immolation {unknown}
 m - 2 scrolls of magic mapping {unknown}
 o - 2 scrolls of noise {unknown}
 q - a scroll of enchant armour {unknown}
 t - 2 scrolls of teleportation {unknown}
Potions
 e - a potion of magic {unknown}
 f - a potion of ambrosia {unknown}
 g - 3 potions of heal wounds {unknown}
 i - 2 potions of curing {unknown}
 n - a potion of degeneration {unknown}
 v - a potion of invisibility {unknown}
 B - a potion of haste {unknown}
 C - a potion of might {unknown}


   Skills:
 - Level 2.0 Fighting
 - Level 2.0 Short Blades
 - Level 6.0 Throwing
 + Level 3.7 Dodging
 - Level 5.3 Stealth
 - Level 3.0 Conjurations
 - Level 3.0 Fire Magic
 * Level 10.8 Invocations


You had 5 spell levels left.
You knew the following spells:

 Your Spells              Type           Power      Damage    Failure   Level
a - Conjure Flame         Conj/Fire      7%         6-21      26%         3

Your spell library contained the following spells:

 Spells                   Type           Power      Damage    Failure   Level
 Foxfire                  Conj/Fire      28%        2x1d5     9%          1
 Static Discharge         Conj/Air       3%         N/A       26%         2
 Slow                     Hex            0%         N/A       30%         1
 Ensorcelled Hibernation  Hex/Ice        0%         N/A       43%         2
 Passwall                 Tmut/Erth      0%         N/A       43%         2
 Inner Flame              Hex/Fire       3%         N/A       45%         3
 Flame Wave               Conj/Fire      7%         2d5       65%         4
 Sticky Flame             Conj/Fire      7%         2d3       65%         4
 Confusing Touch          Hex            0%         N/A       67%         3
 Swiftness                Air            0%         N/A       67%         3
 Vampiric Draining        Necr           0%         2d6       67%         3
 Dispel Undead            Necr           0%         3d6       97%         4


Dungeon Overview and Level Annotations

Branches:
Dungeon (7/15)             Temple (0/1) D:6

Altars:
Elyvilon
Gozag
Vehumet
Wu Jian
Zin

Shops:
D:3 *

Annotations:
D:4 exclusion: door
D:5 2 runed translucent doors, NiggerDarts's ghost, novice HuFi


Innate Abilities, Weirdness & Mutations

You cannot wear most types of armour.
You are amphibious.
You can wear up to eight rings at the same time.
Your skin changes colour to match your surroundings (Stealth+).
Your rubbery body absorbs attacks. (AC +1, EV +1)
((You are camouflaged when in or above water. (Stealth+)))
You have tentacles for arms and can constrict up to eight enemies at once.


Message History

Aim: a two-headed ogre, wielding a +0 giant club and a +0 giant spiked club (very poisoned, 78% to hit)
You throw a poisoned dart.
The poisoned dart hits the two-headed ogre!
The two-headed ogre looks as sick as possible!
Throw: 6 darts (poison)
Press: ? - help, Q - select action, (/) - cycle Shift-Dir - straight line, f/p - two-headed ogre
Aim: a two-headed ogre, wielding a +0 giant club and a +0 giant spiked club (lightly wounded, extremely poisoned, 78% to hit)
You throw a poisoned dart.
The poisoned dart barely misses the two-headed ogre.
Throw: 5 darts (poison)
Press: ? - help, Q - select action, (/) - cycle Shift-Dir - straight line, f/p - two-headed ogre
Aim: a two-headed ogre, wielding a +0 giant club and a +0 giant spiked club (heavily wounded, very poisoned, 78% to hit)
You throw a poisoned dart.
The poisoned dart hits the two-headed ogre!
The two-headed ogre looks as sick as possible!
The two-headed ogre is heavily wounded.
Throw: 4 darts (poison)
Press: ? - help, Q - select action, (/) - cycle Shift-Dir - straight line, f/p - two-headed ogre
Aim: a two-headed ogre, wielding a +0 giant club and a +0 giant spiked club (moderately wounded, extremely poisoned, 78% to hit)
You throw a poisoned dart.
The poisoned dart barely misses the two-headed ogre.
Throw: 3 darts (poison)
Press: ? - help, Q - select action, (/) - cycle Shift-Dir - straight line, f/p - two-headed ogre
Aim: a two-headed ogre, wielding a +0 giant club and a +0 giant spiked club (severely wounded, very poisoned, 78% to hit)
You throw a poisoned dart.
The poisoned dart closely misses the two-headed ogre.
You hit the two-headed ogre.
The two-headed ogre is severely wounded.
The two-headed ogre hits you with a +0 giant club!!
The two-headed ogre completely misses you.
You slash the two-headed ogre!
The two-headed ogre is almost dead.
The two-headed ogre closely misses you. The two-headed ogre misses you.
You hit the two-headed ogre.
The two-headed ogre is almost dead.
The two-headed ogre hits you with a +0 giant club!!
* * * LOW HITPOINT WARNING * * *
The two-headed ogre hits you with a +0 giant spiked club!!
Ouch! That really hurt!
You die...

####### ... ##.....##
#.... ##....@..## ##...
#.....O...# #....
#.........##### ....
#"............#
#.####............##
#...............### .#
##..###........###
....#....#..[...(...#####
#....<.#...รท[.(........#


You could see a two-headed ogre (very poisoned).

Vanquished Creatures
  Menkaure (D:6)
  An acid dragon (D:5)
  A black bear (D:6)
  A necrophage (D:5)
  An ogre (D:5)
  A centaur (D:5)
  A phantom (D:6)
  4 howler monkeys
  A bullfrog zombie (D:7)
  4 hounds
  A jelly (D:4)
  A bullfrog skeleton (D:6)
  5 iguanas
  An orc priest (D:7)
  2 centaur skeletons (D:4)
  A hound skeleton (D:5)
  A howler monkey zombie (D:6)
  A howler monkey skeleton (D:7)
  9 adders
  2 white imps
  An ufetubus (D:3)
  A worm (D:2)
  2 dart slugs
  9 orcs
  8 ball pythons
  4 endoplasms
  4 giant cockroaches
  5 goblins
  4 hobgoblins
  7 jackals (D:4)
  9 kobolds
  5 quokkas
  8 bats
  A frilled lizard (D:1)
  4 rats
112 creatures vanquished.

Vanquished Creatures (others)
  3 yaks (D:4)
  A jelly (D:7)
  A white imp (D:7)
  2 orcs (D:7)
  A giant cockroach (D:4)
8 creatures vanquished.

Grand Total: 120 creatures vanquished

Notes
Turn   | Place    | Note
-------+----------+-------------------------------------------
     0 | D:1      | spaghetti the Octopode Brigand began the quest for the Orb.
     0 | D:1      | Reached XP level 1. HP: 14/14 MP: 1/1
   372 | D:1      | Found a faded altar of an unknown god.
   382 | D:1      | Prayed at the altar of an unknown god.
   382 | D:1      | Became a worshipper of Elyvilon the Healer
   382 | D:1      | Reached * piety under Elyvilon
   411 | D:1      | Reached XP level 2. HP: 19/19 MP: 2/2
   968 | D:1      | Reached XP level 3. HP: 17/24 MP: 3/3
  1883 | D:2      | Reached ** piety under Elyvilon
  1925 | D:2      | Reached skill level 1 in Invocations
  2265 | D:3      | Reached XP level 4. HP: 29/29 MP: 3/5
  2330 | D:3      | Found an opulent altar of Gozag.
  2391 | D:3      | Reached skill level 2 in Invocations
  2401 | D:3      | Found Zin's Purification Station.
  2409 | D:3      | Found a glowing silver altar of Zin.
  2617 | D:3      | Reached XP level 5. HP: 34/34 MP: 5/7
  2811 | D:3      | Noticed an ogre
  2822 | D:3      | Pacified an ogre
  2823 | D:3      | Reached skill level 3 in Invocations
  2990 | D:3      | Found a glowing silver altar of Zin.
  3314 | D:4      | Reached skill level 4 in Invocations
  3314 | D:4      | Reached XP level 6. HP: 26/39 MP: 7/9
  3442 | D:5      | Entered Level 5 of the Dungeon
  4345 | D:4      | Reached *** piety under Elyvilon
  4642 | D:4      | Learned a level 3 spell: Conjure Flame
  4652 | D:4      | Reached skill level 5 in Invocations
  4685 | D:4      | Found an ornate altar of the Wu Jian Council.
  4771 | D:4      | Noticed a yak
  4771 | D:4      | Noticed a yak
  4771 | D:4      | Noticed a yak
  4771 | D:4      | Noticed a yak
  4771 | D:4      | Noticed a yak
  4774 | D:4      | Pacified a yak
  4775 | D:4      | Reached skill level 5 in Throwing
  4775 | D:4      | Reached skill level 1 in Conjurations
  4775 | D:4      | Reached skill level 1 in Fire Magic
  4775 | D:4      | Reached XP level 7. HP: 27/45 MP: 7/11
  4775 | D:4      | Pacified a yak
  4778 | D:4      | Killed a yak
  4783 | D:4      | Killed a yak
  4791 | D:4      | Killed a yak
  4910 | D:4      | Pacified a yak
  4911 | D:4      | Reached skill level 6 in Invocations
  5273 | D:5      | Reached XP level 8. HP: 40/50 MP: 12/12
  5347 | D:5      | Found a radiant altar of Vehumet.
  5560 | D:5      | Identified the +4 battleaxe "Nawn" {vorpal, *Noise rC++}
  5964 | D:5      | Reached skill level 7 in Invocations
  6392 | D:5      | Found a large runed translucent door.
  6392 | D:5      | Found a large runed translucent door.
  6394 | D:5      | Noticed NiggerDarts's ghost (novice HuFi)
  6440 | D:6      | Identified the +6 mace of Beogh's Approval {vamp, rElec
                  | rPois rN++ Str-2}
  6967 | D:6      | Noticed Menkaure
  6975 | D:6      | Killed Menkaure
  6976 | D:6      | Reached skill level 8 in Invocations
  7031 | D:6      | Found a staircase to the Ecumenical Temple.
  7297 | D:6      | Reached skill level 9 in Invocations
  7297 | D:6      | Reached XP level 9. HP: 44/54 MP: 15/15
  7611 | D:7      | Noticed a white ugly thing
  7613 | D:7      | Pacified a white ugly thing
  7614 | D:7      | Reached skill level 10 in Invocations
  7999 | D:7      | Noticed a two-headed ogre
  8026 | D:7      | Annihilated by a two-headed ogre

Illustrated notes

Levels and vault maps discovered:
D:1:      dpeg_arrival_windows_large_door, layout_rooms,
          shapermc_ecumenical_altar_starsandcircs, minivault_4
D:2:      layout_loops_ring, kennysheep_another_room
D:3:      layout_loops_cross, lemuel_crystal_altar, zin_purify,
          minmay_strange_pillars, minmay_misc_feat_doors, minmay_door_square,
          kennysheep_flooded_box
D:4:      layout_loops_corners, old_standard_altar
D:5:      nicolae_cairo_tiling_large, layout_loops_cross,
          nicolae_vehumet_altar_sigil, ebering_ghost_disaster_area
D:6:      layout_loops_ring, minmay_temple_entry_butterflies, uniq_menkaure
D:7:      layout_rooms, lemuel_zombie_altar_yredelemnul,
          kennysheep_vampire_church, minitemple, roderic_roman_lattice

Skill      XL: |  1  2  3  4  5  6  7  8  9 |
---------------+----------------------------+-----
Throwing       | 3 4 5 6 |  6.0
Invocations    | 1 2 4 5 6 9 10 | 10.8
Conjurations   | 1 2 3 |  3.0
Fire Magic     | 1 2 3 |  3.0
Dodging        | 3 |  3.7
Fighting       | |  2.0
Short Blades   | |  2.0
Stealth        | |  5.3

Action                   |  1- 3 |  4- 6 |  7- 9 || total
-------------------------+-------+-------+-------++-------
Melee: Dagger            |    73 |    78 |    20 ||   171
       Constrict         |    19 |     9 |    21 ||    49
       Tentacles         |    14 |    17 |    16 ||    47
       Punch             |     1 |       |     1 ||     2
       Battleaxe         |       |       |    59 ||    59
Throw: Dart              |     9 |       |    12 ||    21
Invok: Heal Other        |       |     4 |    14 ||    18
 Stab: Sleeping          |     5 |    11 |    12 ||    28
       Distracted        |       |     1 |       ||     1
Armor: Skin              |    10 |     4 |     2 ||    16
Dodge: Dodged            |    41 |    49 |    58 ||   148
